 Dungeon Crawl Stone Soup version 0.29.0-4-gdea44cf6ec (webtiles) character file.

Game seed: 13129167630840186048

243 qw the Chopper (level 6, -5/35 HPs)
             Began as a Tengu Warper on Aug 28, 2022.
             Slain by a gnoll bouda
             ... wielding a +0 whip
              (7 damage)
             ... on level 3 of the Dungeon.
             The game lasted 00:00:16 (3348 turns).

qw the Chopper (Tengu Warper)                       Turns: 3348, Time: 00:00:17

Health: -5/35      AC:  9    Str: 14    XL:     6   Next: 9%
Magic:  10/10      EV: 11    Int: 15    God:
Gold:   130        SH:  0    Dex: 13    Spells: 9/9 levels left

rFire   . . .      SeeInvis .   Y - +0 hand axe
rCold   . . .      Faith    .   (no shield)
rNeg    + . .      Spirit   .   k - +0 scale mail
rPois   +          Reflect  .   (helmet restricted)
rElec   .          Harm     .   b - +2 cloak "Zeqer" {rN+ Will+ Int+2}
rCorr   .          Rampage  .   (no gloves)
Will    +....                   (boots unavailable)
Stlth   ..........              (no amulet)
HPRegen 0.11/turn               d - ring of poison resistance
MPRegen 0.12/turn               (no ring)

@: flying quickly and evasively, quick
A: beak, talons 3, nimble flight
a: no special abilities


You were on level 3 of the Dungeon.
You visited 1 branch of the dungeon, and saw 3 of its levels.

You collected 130 gold pieces.


Innate Abilities, Weirdness & Mutations

You have a beak for a mouth.
You have claws for feet.
Your magical nature lets you fly swiftly and evasively.


   Skills:
 - Level 2.0 Fighting
 + Level 6.8 Axes
 - Level 1.0 Throwing
 - Level 1.1 Armour
 - Level 2.1 Dodging
 - Level 2.0 Spellcasting
 - Level 2.4 Translocations


You had 9 spell levels left.
You didn't know any spells.
Your spell library contained the following spells:

 Spells                   Type           Power      Damage    Failure   Level
 Blink                    Tloc           16%        N/A       50%         2
 Gell's Gravitas          Tloc           8%         N/A       73%         3
 Lesser Beckoning         Tloc           8%         N/A       73%         3
 Teleport Other           Tloc           8%         N/A       73%         3
 Manifold Assault         Tloc           8%         N/A       100%        5

Inventory:

Hand Weapons
 f - a +1 whip of freezing
 Y - a +0 hand axe (weapon)
Armour
 b - the +2 cloak "Zeqer" (worn) {rN+ Will+ Int+2}
   (You found it on level 2 of the Dungeon)

   Int:       It affects your intelligence (+2).
   rN:        It protects you from negative energy.
   Will:      It increases your willpower.
 k - a +0 scale mail (worn)
Jewellery
 d - a ring of poison resistance (left hand)
Scrolls
 e - a scroll of magic mapping {unknown}
Potions
 a - a potion of heal wounds {unknown}
 c - a potion of curing {unknown}
 l - a potion of degeneration {unknown}

Dungeon Overview and Level Annotations

Branches:
Dungeon (3/15)

Altars:


Message History

You hit the gnoll but do no damage. You claw the gnoll.
You kill the gnoll!
You hear a splash.
You hit the gnoll but do no damage.
You hit the gnoll bouda but do no damage.
The gnoll hits you with a +0 club.
The gnoll bouda hits you with a +0 whip.
You closely miss the gnoll bouda. Your kick misses the gnoll bouda.
Your peck misses the gnoll bouda. You barely miss the gnoll.
The gnoll bouda hits you with a +0 whip.
You hit the gnoll bouda but do no damage.
Your kick misses the gnoll bouda. Your peck misses the gnoll bouda.
You hit the gnoll. You barely miss the gnoll.
The gnoll hits you with a +0 club.
The gnoll splashes around in the water.
The gnoll bouda hits you but does no damage.
You slash the gnoll! You peck the gnoll.
You kill the gnoll!
You closely miss the gnoll.
You hit the gnoll bouda but do no damage.
The gnoll hits you with a +0 club.
You hit the gnoll bouda. Your kick misses the gnoll bouda.
The gnoll bouda is lightly wounded.
You hit the gnoll. The gnoll bouda closely misses you.
The gnoll hits you with a +0 club.
You hit the gnoll bouda. You claw the gnoll bouda.
Your peck misses the gnoll bouda.
The gnoll bouda is moderately wounded.
You hit the gnoll but do no damage. The gnoll bouda barely misses you.
The gnoll splashes around in the water.
You hit the gnoll bouda. Your peck misses the gnoll bouda.
The gnoll bouda is heavily wounded.
You hit the gnoll. You hit the orc but do no damage.
The gnoll bouda misses you. The gnoll closely misses you.
You hit the gnoll bouda but do no damage.
Your kick misses the gnoll bouda. Your peck misses the gnoll bouda.
The gnoll bouda is heavily wounded.
You barely miss the orc. You hit the gnoll but do no damage.
The gnoll is no longer moving quickly.
The orc hits you but does no damage.
The gnoll bouda hits you with a +0 whip!
You die...

#....~~~.#.#.
#....~~~.#.g
#....~~###'#
#...P~~#.o.###########
###
#....~~#go.#..........
...
#....~~#####~~~~~~~~~~
~~~
#....~~~~~~~~~~~~~~~~~
~~~
#P...~~~~~~)~~go~~~~~~
~~~
#............)@g......
...
###############).###..
... ..... ... .......
##. .####.# #. .# . #.
.# ... .# #.. ..


You could see a gnoll bouda, 2 gnolls and an orc.

Vanquished Creatures
  2 howler monkeys (D:3)
  An iguana (D:3)
  3 gnolls (D:3)
  3 adders
  A worm (D:2)
  2 dart slugs (D:2)
  3 orcs (D:3)
  7 endoplasms
  2 giant cockroaches (D:1)
  2 goblins
  6 hobgoblins
  12 jackals (D:3)
  3 quokkas
  8 ball pythons
  5 bats
  4 frilled lizards
  2 kobolds (D:1)
  5 rats
71 creatures vanquished.

Vanquished Creatures (others)
  A plant (D:3)
1 creature vanquished.

Grand Total: 72 creatures vanquished

Notes
Turn   | Place    | Note
-------+----------+-------------------------------------------
     0 | D:1      | qw the Tengu Warper began the quest for the Orb.
     0 | D:1      | Reached XP level 1. HP: 12/12 MP: 4/4
     0 | D:1      | 0 ||| qw: Version: 0.1-a-89-g26bdef1
     0 | D:1      | 0 ||| qw: Game counter: 3127
     0 | D:1      | 0 ||| qw: Always use a shield: true
     0 | D:1      | 0 ||| qw: God list: Okawaru
     0 | D:1      | 0 ||| qw: Allow faded altars: false
     0 | D:1      | 0 ||| qw: Do Orc after D:15 true
     0 | D:1      | 0 ||| qw: Do second Lair branch before Depths: true
     0 | D:1      | 0 ||| qw: Lair rune preference: random
     0 | D:1      | 0 ||| qw: Plans: Normal
     0 | D:1      | 0 ||| PLANNING D:1-11
   138 | D:1      | Reached skill level 3 in Axes
   138 | D:1      | Reached XP level 2. HP: 17/17 MP: 6/6
   581 | D:1      | 581 ||| Stepping ~*~*~tactically~*~*~ (stealth).
  1056 | D:1      | Reached XP level 3. HP: 21/21 MP: 7/7
  1177 | D:1      | Found a faded altar of an unknown god.
  1245 | D:1      | 1245 ||| UPGRADING to +0 cloak.
  1250 | D:1      | 1250 ||| UPGRADING to +0 ring mail.
  1260 | D:1      | 1260 ||| DROPPING +0 leather armour.
  1261 | D:1      | 1261 ||| UPGRADING to +0 scale mail.
  1271 | D:1      | 1271 ||| DROPPING +0 ring mail.
  1272 | D:1      | 1272 ||| UPGRADING to ring of poison resistance.
  1273 | D:1      | 1273 ||| DROPPING ring of magical power.
  1274 | D:1      | 1274 ||| READING scroll labelled HIRHOCR WOSTU.
  1275 | D:1      | 1275 ||| READING scroll labelled ZOENNUMNAG.
  1276 | D:1      | 1276 ||| DROPPING scroll of blinking.
  1461 | D:2      | Reached skill level 4 in Axes
  1677 | D:2      | Identified the +2 cloak "Zeqer" {rN+ Will+ Int+2}
  1693 | D:2      | Reached XP level 4. HP: 26/26 MP: 8/8
  1735 | D:2      | 1735 ||| Stepping ~*~*~tactically~*~*~ (hiding).
  2553 | D:2      | 2553 ||| UPGRADING to +2 cloak "Zeqer" {rN+ Will+ Int+2}.
  2563 | D:2      | 2563 ||| DROPPING +0 cloak.
  2644 | D:3      | Reached skill level 5 in Axes
  2837 | D:3      | Gained mutation: Your magical nature lets you fly swiftly
                  | and evasively. [Tengu growth]
  2837 | D:3      | Reached XP level 5. HP: 11/30 MP: 9/9
  2927 | D:3      | 2927 ||| FLEEEEING.
  3181 | D:3      | Reached skill level 6 in Axes
  3325 | D:3      | 3325 ||| DROPPING +0 whip.
  3335 | D:3      | Reached XP level 6. HP: 35/35 MP: 10/10
  3344 | D:3      | HP: 7/35 [gnoll/+0 club (4)]
  3345 | D:3      | HP: 1/35 [gnoll/+0 club (6)]
  3348 | D:3      | Slain by a gnoll bouda

Levels and vault maps discovered:
D:1:      minmay_arrival_checkered_box, layout_loops_cross,
          ebering_ecumenical_altar_rust
D:2:      kennysheep_six_static_rooms, layout_basic, kennysheep_generic_room_3
D:3:      lemuel_castle_with_subvaults [lemuel_castle_interior_carwin_1],
          layout_loops_ring, nicolae_sif_muna_little_library,
          jmf_multi_god_temple2, minmay_tree_intersection, minmay_misc_feat_iff

Skill      XL: |  1  2  3  4  5 |
---------------+----------------+-----
Axes           | 3 4 5 6 |  6.8
Fighting       | |  2.0
Throwing       | |  1.0
Armour         | |  1.1
Dodging        | |  2.1
Spellcasting   | |  2.0
Translocations | |  2.4

Action                   |  1- 3 |  4- 6 || total
-------------------------+-------+-------++-------
Melee: Hand axe          |    74 |   112 ||   186
       Kick              |    17 |    27 ||    44
       Peck              |    10 |    19 ||    29
       Punch             |       |     2 ||     2
Throw: Boomerang         |     7 |       ||     7
  Use: Scroll            |     2 |       ||     2
Armor: Leather armour    |     7 |       ||     7
       Scale mail        |     8 |    38 ||    46
Dodge: Dodged            |    32 |    47 ||    79

Table legend:
 A = Non-vault XP
 B = Vault XP
 C = Vault XP percentage of total XP
 D = Non-vault monster count
 E = Vault monster count
 F = Vault count percentage of total count
                 A         B        C        D         E       F
            +---------+---------+-------+---------+---------+-------
      Total |     144 |     204 |  58.6 |      46 |      25 |  35.2
            +---------+---------+-------+---------+---------+-------
        D:1 |      36 |       0 |   0.0 |      22 |       0 |   0.0
        D:2 |      42 |      21 |  33.3 |      14 |       7 |  33.3
        D:3 |      66 |     183 |  73.5 |      10 |      18 |  64.3
            +---------+---------+-------+---------+---------+-------
